 Dungeon Crawl Stone Soup version 0.30-a0-169-g06f667207d (webtiles) character file.

Game seed: 12355306100754833074

6135 qw the Blocker (level 10, -6/60 HPs)
             Began as a Gargoyle Fighter on Sept 29, 2022.
             Was an Elder of Okawaru.
             Mangled by a wyvern (8 damage)
             ... on level 1 of the Lair of Beasts.
             The game lasted 00:02:43 (8109 turns).

qw the Blocker (Gargoyle Fighter)                   Turns: 8109, Time: 00:02:44

Health: -6/60      AC: 23    Str: 29    XL:     10   Next: 89%
Magic:  12/13      EV:  9    Int: 10    God:    Okawaru [****..]
Gold:   152        SH: 20    Dex: 16    Spells: 9/9 levels left

rFire   . . .      SeeInvis .    k - +0 flail
rCold   + . .      Faith    .    g - +0 tower shield
rNeg    + . .      Spirit   .    s - +0 plate armour
rPois   inf        Reflect  .    q - +0 hat {Will+}
rElec   +          Harm     .    (no cloak)
rCorr   .          Rampage  .    e - +0 pair of gloves
Will    +....                    (no boots)
Stlth   ..........               p - amulet of the acrobat
HPRegen 0.20/turn                c - +6 ring of strength
MPRegen 0.13/turn                a - ring "Xagid" {rC+ Dex+7}

@: about to teleport, heroic
A: sickness immunity, AC +7, negative energy resistance 1, electricity
resistance, torment resistance 1, petrification resistance
a: Renounce Religion, Heroism, Finesse


You were on level 1 of the Lair of Beasts.
You worshipped Okawaru.
Okawaru was greatly pleased with you.
You visited 3 branches of the dungeon, and saw 10 of its levels.

You collected 702 gold pieces.
You spent 550 gold pieces at shops.


Innate Abilities, Weirdness & Mutations

You are immune to sickness and miasma.
Your stone body is resilient. (AC +7)
You are immune to poison.
You resist negative energy. (rN+)
You are resistant to electric shocks. (rElec)
You are resistant to unholy torment.
You are immune to petrification.


   Skills:
 - Level 6.2(11.2) Fighting
 + Level 8.7(13.7) Axes
 - Level 1.1(6.1) Throwing
 - Level 5.3(10.3) Armour
 - Level 2.5(7.5) Dodging
 - Level 11.4(16.4) Shields
 + Level 4.7 Invocations


You had 9 spell levels left.
You didn't know any spells.
Your spell library was empty.

Inventory:

Hand Weapons
 i - a +1 spectral war axe
 k - a +0 flail (weapon)
Missiles
 l - a boomerang (quivered)
Armour
 e - a +0 pair of gloves (worn)
 g - a +0 tower shield (worn)
 q - a +0 hat of willpower (worn)
 r - a +0 helmet
 s - a +0 plate armour (worn)
Jewellery
 a - the ring "Xagid" (right hand) {rC+ Dex+7}
   (You acquired it on level 1 of the Dungeon)

   [ring of protection from cold]

   Dex:       It affects your dexterity (+7).
   rC:        It protects you from cold.
 c - a +6 ring of strength (left hand)
 f - a ring of resist corrosion
 p - an amulet of the acrobat (around neck)
 t - a ring of ice
 v - a ring of resist corrosion
 w - a ring of positive energy
Scrolls
 b - a scroll of brand weapon
 m - 5 scrolls of identify
 u - 5 scrolls of teleportation
 x - a scroll of silence {unknown}
 y - a scroll of enchant armour {unknown}
Potions
 d - a potion of might
 h - a potion of resistance
 n - 4 potions of curing
 o - a potion of mutation
 z - a potion of flight {unknown}
 A - 2 potions of magic {unknown}

Dungeon Overview and Level Annotations

Branches:
Dungeon (8/15)             Temple (1/1) D:4            Lair (1/5) D:8

Altars:
Ashenzari
Cheibriados
Dithmenos
Elyvilon
Fedhas
Gozag
Hepliaklqana
Kikubaaqudgha
Makhleb
Nemelex Xobeh
Okawaru
Qazlal
Ru
Sif Muna
Trog
Uskayaw
Vehumet
Wu Jian
Xom
Yredelemnul
Zin
The Shining One

Shops:
D:6 [   D:8 =

Annotations:
D:3 1 runed translucent door, Crazy Yiuf
Lair:1 3 runed translucent doors, qw's ghost, journeyman GrFi


Message History

You block the wyvern's attack. You block the hell rat's attack.
You block the eight-headed hydra's attack.
The eight-headed hydra bites you. The eight-headed hydra bites you!
The eight-headed hydra bites you but does no damage. x3
You block the eight-headed hydra's attack.
The eight-headed hydra bites you! The wyvern barely misses you.
A rat comes into view.
The hell rat barely misses you.
8107 ||| READING 6 scrolls of teleportation.
As you read the scroll of teleportation, it crumbles to dust.
You feel strangely unstable. You block the wyvern's attack.
The eight-headed hydra bites you!
You block the eight-headed hydra's attack.
The eight-headed hydra bites you but does no damage. x2
The eight-headed hydra barely misses you.
You block the eight-headed hydra's attack.
The eight-headed hydra barely misses you.
You block the eight-headed hydra's attack.
The hell rat bites you but does no damage.
The wyvern completely misses you.
8108 ||| DRINKING 2 potions of heal wounds.
You feel much better.
The sentinel's mark upon you fades away.
The eight-headed hydra barely misses you.
The eight-headed hydra bites you but does no damage.
You block the eight-headed hydra's attack.
The eight-headed hydra bites you!
The eight-headed hydra bites you but does no damage. x3
You block the eight-headed hydra's attack.
The hell rat bites you! You block the wyvern's attack.
A rat comes into view.
8109 ||| DRINKING potion of heal wounds.
You feel much better. The wyvern barely misses you.
You block the eight-headed hydra's attack. x3
The eight-headed hydra bites you but does no damage.
The eight-headed hydra bites you! The eight-headed hydra bites you.
The eight-headed hydra bites you! x2; The hell rat closely misses you.
The wyvern bites you!
You die...

## # ### ### #### ## ##
P###.#.P###.#####Dr########P####.
..............Fr@lrrrr...........
.##.#.#.##.P..r######r...........
.#..............##.# ##..........
.#........#.r........ .....####..
............#######.# #...#.....
.#........#.# #...#.....
...=........# #...P.....
............## #.........
.#...........# #...#.....


You could see an eight-headed hydra, a wyvern, a bullfrog, 4 hell rats, 3 river
rats and 2 rats.

Vanquished Creatures
  Joseph (D:7)
  3 cane toads (Lair:1)
  A komodo dragon (Lair:1)
  A polar bear (Lair:1)
  A hornet (D:7)
  5 blink frogs (Lair:1)
  An acid dragon (D:8)
  3 orc warriors (D:8)
  A water moccasin (Lair:1)
  4 black bears
  An ice beast (D:7)
  3 sky beasts (D:7)
  4 ogres
  2 centaurs
  3 phantoms
  2 kobold brigands
  5 bullfrogs
  2 scorpions
  3 howler monkeys (D:8)
  2 electric eels (Lair:1)
  4 hounds
  2 orc priests (D:8)
  Jessica (D:2)
  5 iguanas
  5 orc wizards
  Natasha (D:2)
  6 adders
  4 shadow imps
  A white imp (D:8)
  2 worms
  3 dart slugs
  25 orcs
  9 endoplasms
  5 giant cockroaches
  4 goblins
  10 hobgoblins
  7 jackals
  14 kobolds
  5 quokkas
  7 ball pythons
  6 bats
  3 frilled lizards
  4 rats (D:1)
181 creatures vanquished.

Vanquished Creatures (others)
  3 fungi (Lair:1)
  8 plants (Lair:1)
11 creatures vanquished.

Grand Total: 192 creatures vanquished

Notes
Turn   | Place    | Note
-------+----------+-------------------------------------------
     0 | D:1      | qw the Gargoyle Fighter began the quest for the Orb.
     0 | D:1      | Reached XP level 1. HP: 14/14 MP: 1/1
     0 | D:1      | 0 ||| qw: Version: 0.2-a-12-gaebbb33
     0 | D:1      | 0 ||| qw: Game counter: 1339
     0 | D:1      | 0 ||| qw: Always use a shield: true
     0 | D:1      | 0 ||| qw: God list: Okawaru
     0 | D:1      | 0 ||| qw: Allow faded altars: false
     0 | D:1      | 0 ||| qw: Do Orc after D:15 true
     0 | D:1      | 0 ||| qw: Do second Lair branch before Depths: true
     0 | D:1      | 0 ||| qw: Lair rune preference: random
     0 | D:1      | 0 ||| qw: Plans: Normal, Zot:1-4, God:TSO, Crypt, Tomb,
                  | Pan, Slime:5, Hells, Abyss, Orb
     0 | D:1      | 0 ||| PLANNING D:1-11
    66 | D:1      | Reached XP level 2. HP: 9/19 MP: 2/2
   635 | D:1      | 635 ||| Stepping ~*~*~tactically~*~*~ (stealth).
   756 | D:1      | Reached skill level 3 in Axes
  1089 | D:1      | Reached XP level 3. HP: 23/23 MP: 3/3
  1127 | D:1      | Found a faded altar of an unknown god.
  1170 | D:1      | 1170 ||| UPGRADING to +0 tower shield.
  1180 | D:1      | 1180 ||| DROPPING +0 buckler.
  1181 | D:1      | 1181 ||| UPGRADING to ring of resist corrosion.
  1182 | D:1      | 1182 ||| READING scroll labelled EJAMOCWOTA.
  1183 | D:1      | 1183 ||| READING 2 scrolls labelled SUMPUG SYXEYCH.
  1184 | D:1      | 1184 ||| READING scroll labelled RUKIOQ DEUNA.
  1185 | D:1      | 1185 ||| READING scroll labelled JAW OZAGGUU.
  1185 | D:1      | Identified a scroll of acquirement
  1185 | D:1      | 1185 ||| ACQUIRING ring "Xagid" {rC+ Dex+7}
  1185 | D:1      | Acquired the ring "Xagid" {rC+ Dex+7}
  1187 | D:1      | 1187 ||| UPGRADING to ring "Xagid" {rC+ Dex+7}.
  1188 | D:1      | 1188 ||| DRINKING 2 golden potions.
  1282 | D:2      | Found a white marble altar of Elyvilon.
  1350 | D:2      | 1350 ||| Stepping ~*~*~tactically~*~*~ (stealth).
  1444 | D:2      | Noticed Jessica
  1446 | D:2      | 1446 ||| FLEEEEING.
  1447 | D:2      | 1447 ||| FLEEEEING.
  1448 | D:2      | 1448 ||| FLEEEEING.
  1454 | D:2      | 1454 ||| FLEEEEING.
  1458 | D:2      | 1458 ||| FLEEEEING.
  1459 | D:2      | 1459 ||| FLEEEEING.
  1460 | D:2      | 1460 ||| FLEEEEING.
  1461 | D:2      | 1461 ||| FLEEEEING.
  1462 | D:2      | 1462 ||| FLEEEEING.
  1463 | D:2      | 1463 ||| FLEEEEING.
  1464 | D:2      | 1464 ||| FLEEEEING.
  1465 | D:2      | 1465 ||| FLEEEEING.
  1466 | D:2      | 1466 ||| FLEEEEING.
  1467 | D:2      | 1467 ||| FLEEEEING.
  1473 | D:2      | 1473 ||| FLEEEEING.
  1474 | D:2      | 1474 ||| FLEEEEING.
  1475 | D:2      | 1475 ||| FLEEEEING.
  1476 | D:2      | 1476 ||| FLEEEEING.
  1477 | D:2      | 1477 ||| FLEEEEING.
  1478 | D:2      | 1478 ||| FLEEEEING.
  1479 | D:2      | 1479 ||| FLEEEEING.
  1480 | D:2      | 1480 ||| FLEEEEING.
  1481 | D:2      | 1481 ||| FLEEEEING.
  1482 | D:2      | 1482 ||| FLEEEEING.
  1483 | D:2      | 1483 ||| FLEEEEING.
  1484 | D:2      | 1484 ||| FLEEEEING.
  1485 | D:2      | 1485 ||| FLEEEEING.
  1486 | D:2      | 1486 ||| FLEEEEING.
  1487 | D:2      | 1487 ||| FLEEEEING.
  1488 | D:2      | 1488 ||| FLEEEEING.
  1504 | D:2      | Killed Jessica
  1505 | D:2      | Reached skill level 4 in Shields
  1505 | D:2      | Reached XP level 4. HP: 12/28 MP: 4/4
  1819 | D:2      | 1819 ||| Stepping ~*~*~tactically~*~*~ (stealth).
  1820 | D:2      | 1820 ||| Stepping ~*~*~tactically~*~*~ (stealth).
  1822 | D:2      | 1822 ||| Stepping ~*~*~tactically~*~*~ (stealth).
  1823 | D:2      | 1823 ||| Stepping ~*~*~tactically~*~*~ (stealth).
  2035 | D:2      | Noticed Natasha
  2036 | D:2      | 2036 ||| Stepping ~*~*~tactically~*~*~ (hiding).
  2037 | D:2      | 2037 ||| Stepping ~*~*~tactically~*~*~ (hiding).
  2040 | D:2      | Killed Natasha
  2361 | D:2      | 2361 ||| UPGRADING to +6 ring of strength.
  2363 | D:2      | 2363 ||| DROPPING +6 ring of intelligence.
  2364 | D:2      | 2364 ||| READING scroll labelled ZADUSCHA ADINIA.
  2365 | D:2      | 2365 ||| READING scroll labelled KYMYUM WISA.
  2366 | D:2      | 2366 ||| READING scroll labelled LYEXAF PAFUO.
  2367 | D:2      | 2367 ||| DRINKING 2 viscous silvery potions.
  2368 | D:2      | 2368 ||| DRINKING 2 lumpy ruby potions.
  2369 | D:2      | 2369 ||| READING 3 scrolls of identify.
  2369 | D:2      | 2369 ||| IDENTIFYING murky purple potion
  2370 | D:2      | 2370 ||| READING 2 scrolls of identify.
  2370 | D:2      | 2370 ||| IDENTIFYING green potion
  2371 | D:2      | 2371 ||| DROPPING potion of invisibility.
  2372 | D:2      | 2372 ||| DROPPING potion of degeneration.
  2373 | D:2      | 2373 ||| DROPPING potion of ambrosia.
  2404 | D:3      | Reached skill level 5 in Shields
  2446 | D:3      | Found a runed translucent door.
  2447 | D:3      | Noticed Crazy Yiuf
  2514 | D:3      | Reached XP level 5. HP: 32/32 MP: 5/5
  2662 | D:3      | 2662 ||| Stepping ~*~*~tactically~*~*~ (hiding).
  2669 | D:3      | 2669 ||| FLEEEEING.
  2670 | D:3      | 2670 ||| FLEEEEING.
  2671 | D:3      | 2671 ||| FLEEEEING.
  2672 | D:3      | 2672 ||| FLEEEEING.
  2673 | D:3      | 2673 ||| FLEEEEING.
  2674 | D:3      | 2674 ||| STAIRDANCE
  2763 | D:2      | 2763 ||| UPGRADING to +0 pair of gloves.
  2768 | D:2      | 2768 ||| READING scroll labelled HOPNAEPIMI.
  2778 | D:3      | Found a blossoming altar of Fedhas.
  2778 | D:3      | Found a shimmering altar of Xom.
  2780 | D:3      | Found a shimmering blue altar of Sif Muna.
  2785 | D:3      | 2785 ||| Stepping ~*~*~tactically~*~*~ (stealth).
  2832 | D:3      | 2832 ||| DROPPING +0 club.
  3004 | D:3      | Noticed a phantom
  3007 | D:3      | Killed a phantom
  3008 | D:3      | Reached skill level 6 in Shields
  3008 | D:3      | Reached XP level 6. HP: 37/37 MP: 6/6
  3133 | D:3      | 3133 ||| UPGRADING to +0 chain mail.
  3143 | D:3      | 3143 ||| DROPPING +0 scale mail.
  3144 | D:3      | 3144 ||| READING 2 scrolls of identify.
  3144 | D:3      | 3144 ||| IDENTIFYING blue potion
  3207 | D:4      | 3207 ||| FLEEEEING.
  3210 | D:4      | 3210 ||| STAIRDANCE
  3382 | D:4      | Identified the +1 robe of Watchfulness {-Tele rElec rN+
                  | Str+9}
  3403 | D:4      | Reached skill level 7 in Shields
  3449 | D:4      | Reached skill level 1 in Dodging
  3449 | D:4      | Reached XP level 7. HP: 34/41 MP: 7/7
  3506 | D:4      | 3506 ||| Stepping ~*~*~tactically~*~*~ (hiding).
  3509 | D:4      | 3509 ||| Stepping ~*~*~tactically~*~*~ (hiding).
  3568 | D:4      | 3568 ||| Stepping ~*~*~tactically~*~*~ (stealth).
  3619 | D:4      | 3619 ||| Stepping ~*~*~tactically~*~*~ (hiding).
  3637 | D:4      | 3637 ||| Stepping ~*~*~tactically~*~*~ (stealth).
  3638 | D:4      | 3638 ||| Stepping ~*~*~tactically~*~*~ (stealth).
  3808 | D:4      | Reached skill level 8 in Shields
  3886 | D:4      | Found a staircase to the Ecumenical Temple.
  3887 | D:4      | 3887 ||| PLANNING TEMPLE
  3887 | D:4      | 3887 ||| UPGRADING to +0 hat of willpower.
  3892 | D:4      | 3892 ||| READING 2 scrolls of identify.
  3892 | D:4      | 3892 ||| IDENTIFYING dark potion
  3893 | D:4      | 3893 ||| DROPPING potion of berserk rage.
  3899 | Temple   | Entered the Ecumenical Temple
  3899 | Temple   | Found a transporter.
  3899 | Temple   | Found a transporter.
  3901 | Temple   | Found a transporter.
  3901 | Temple   | Found a transporter.
  3911 | Temple   | 3911 ||| PLANNING D:1-11
  3914 | Temple   | 3914 ||| PLANNING OKAWARU WORSHIP
  3921 | Temple   | Became a worshipper of Warmaster Okawaru
  3922 | Temple   | 3922 ||| PLANNING D:1-11
  4106 | D:5      | Entered Level 5 of the Dungeon
  4127 | D:5      | Reached XP level 8. HP: 23/46 MP: 8/8
  4172 | D:5      | 4172 ||| Stepping ~*~*~tactically~*~*~ (stealth).
  4990 | D:5      | 4990 ||| READING 4 scrolls labelled EGUZEQ KAIS.
  4993 | D:5      | 4993 ||| READING scroll labelled WIPLIS NECIT.
  4994 | D:5      | 4994 ||| READING scroll labelled QOSTRIANIPS.
  4995 | D:5      | 4995 ||| READING 2 scrolls of identify.
  4995 | D:5      | 4995 ||| IDENTIFYING clear potion
  5010 | D:6      | 5010 ||| STAIRDANCE
  5016 | D:5      | Reached skill level 9 in Shields
  5095 | D:6      | 5095 ||| Stepping ~*~*~tactically~*~*~ (water).
  5097 | D:6      | Reached * piety under Okawaru
  5284 | D:6      | Reached skill level 1 in Invocations
  5631 | D:6      | Found Wiodai's Armour Shoppe.
  5644 | D:6      | 5644 ||| SHOPLISTING +11 plate armour "Diseram" {-Tele
                  | Rampage +Inv rF++} (1322 gold, have 500).
  5748 | D:6      | 5748 ||| UPGRADING to +0 plate armour.
  5758 | D:6      | 5758 ||| DROPPING +0 chain mail.
  6025 | D:7      | Reached skill level 6 in Axes
  6091 | D:7      | Identified the +10 short sword "Nongeeg" {antimagic, +Blink
                  | Int+2 Dex-3}
  6100 | D:7      | 6100 ||| INVOKING Heroism.
  6100 | D:7      | Noticed a hornet
  6101 | D:7      | 6101 ||| Stepping ~*~*~tactically~*~*~ (stealth).
  6105 | D:7      | Reached XP level 9. HP: 52/52 MP: 7/11
  6107 | D:7      | Reached skill level 3 in Invocations
  6109 | D:7      | Killed a hornet
  6191 | D:7      | Reached skill level 10 in Shields
  6199 | D:7      | Noticed Joseph
  6208 | D:7      | Killed Joseph
  6208 | D:7      | Reached ** piety under Okawaru
  6487 | D:8      | Found Lufi Dag's Jewellery Shop.
  6490 | D:8      | 6490 ||| BUYING amulet of the acrobat (330 gold).
  6490 | D:8      | Bought an amulet of the acrobat for 330 gold pieces
  6490 | D:8      | 6490 ||| BUYING ring of resist corrosion (220 gold).
  6490 | D:8      | Bought a ring of resist corrosion for 220 gold pieces
  6533 | D:8      | 6533 ||| INVOKING Heroism.
  6557 | D:8      | 6557 ||| Stepping ~*~*~tactically~*~*~ (stealth).
  6563 | D:8      | 6563 ||| INVOKING Heroism.
  6587 | D:8      | 6587 ||| INVOKING Heroism.
  6663 | D:8      | 6663 ||| Stepping ~*~*~tactically~*~*~ (stealth).
  6670 | D:8      | 6670 ||| Stepping ~*~*~tactically~*~*~ (hiding).
  6673 | D:8      | 6673 ||| INVOKING Heroism.
  6687 | D:8      | Reached skill level 1 in Throwing
  6732 | D:8      | 6732 ||| Stepping ~*~*~tactically~*~*~ (stealth).
  6733 | D:8      | 6733 ||| Stepping ~*~*~tactically~*~*~ (stealth).
  6747 | D:8      | 6747 ||| Stepping ~*~*~tactically~*~*~ (stealth).
  6749 | D:8      | 6749 ||| Stepping ~*~*~tactically~*~*~ (stealth).
  6750 | D:8      | 6750 ||| Stepping ~*~*~tactically~*~*~ (stealth).
  6751 | D:8      | 6751 ||| Stepping ~*~*~tactically~*~*~ (stealth).
  6752 | D:8      | 6752 ||| INVOKING Heroism.
  6769 | D:8      | Reached XP level 10. HP: 40/59 MP: 13/13
  6783 | D:8      | 6783 ||| FLEEEEING.
  6880 | D:8      | 6880 ||| READING scroll of enchant weapon.
  6880 | D:8      | 6880 ||| ENCHANTING +0 spectral war axe.
  6889 | D:8      | 6889 ||| DROPPING +0 whip.
  6911 | D:8      | 6911 ||| Stepping ~*~*~tactically~*~*~ (hiding).
  6913 | D:8      | 6913 ||| INVOKING Heroism.
  7212 | D:8      | 7212 ||| Stepping ~*~*~tactically~*~*~ (stealth).
  7217 | D:8      | 7217 ||| INVOKING Heroism.
  7345 | D:8      | Found a staircase to the Lair.
  7453 | D:8      | 7453 ||| PLANNING LAIR
  7453 | D:8      | 7453 ||| UPGRADING to amulet of the acrobat.
  7473 | Lair:1   | Entered Level 1 of the Lair of Beasts
  7474 | Lair:1   | 7474 ||| INVOKING Heroism.
  7475 | Lair:1   | 7475 ||| Stepping ~*~*~tactically~*~*~ (stealth).
  7481 | Lair:1   | Reached *** piety under Okawaru
  7487 | Lair:1   | Reached skill level 11 in Shields
  7541 | Lair:1   | Noticed a cane toad
  7542 | Lair:1   | 7542 ||| Stepping ~*~*~tactically~*~*~ (stealth).
  7546 | Lair:1   | 7546 ||| INVOKING Heroism.
  7549 | Lair:1   | Killed a cane toad
  7566 | Lair:1   | 7566 ||| INVOKING Heroism.
  7574 | Lair:1   | Reached skill level 6 in Fighting
  7603 | Lair:1   | 7603 ||| INVOKING Heroism.
  7756 | Lair:1   | Found a runed translucent gate.
  7757 | Lair:1   | Found a runed translucent gate.
  7758 | Lair:1   | Noticed qw's ghost (journeyman GrFi)
  7759 | Lair:1   | Found a runed translucent gate.
  7765 | Lair:1   | Noticed a 12-headed hydra
  7777 | Lair:1   | Noticed a cane toad
  7778 | Lair:1   | 7778 ||| INVOKING Heroism.
  7784 | Lair:1   | Killed a cane toad
  7784 | Lair:1   | Reached **** piety under Okawaru
  7785 | Lair:1   | Noticed a cane toad
  7791 | Lair:1   | Killed a cane toad
  7874 | Lair:1   | 7874 ||| INVOKING Heroism.
  7940 | Lair:1   | 7940 ||| Stepping ~*~*~tactically~*~*~ (stealth).
  8094 | Lair:1   | Noticed an eight-headed hydra
  8095 | Lair:1   | 8095 ||| INVOKING Heroism.
  8096 | Lair:1   | 8096 ||| SWAPPING to +0 flail.
  8102 | Lair:1   | 8102 ||| Stepping ~*~*~tactically~*~*~ (outnumbered).
  8103 | Lair:1   | 8103 ||| Stepping ~*~*~tactically~*~*~ (outnumbered).
  8105 | Lair:1   | 8105 ||| Stepping ~*~*~tactically~*~*~ (outnumbered).
  8106 | Lair:1   | HP: 14/60 [eight-headed hydra (12)]
  8107 | Lair:1   | 8107 ||| READING 6 scrolls of teleportation.
  8107 | Lair:1   | HP: 3/60 [eight-headed hydra (11)]
  8108 | Lair:1   | 8108 ||| DRINKING 2 potions of heal wounds.
  8109 | Lair:1   | 8109 ||| DRINKING potion of heal wounds.
  8109 | Lair:1   | Mangled by a wyvern

Levels and vault maps discovered:
D:1:      eino_arrival_cavern_a, layout_basic,
          hellmonk_ecumenical_altar_defaced_shrine,
          nicolae_concentric_dashed_squares_wild
D:2:      layout_loops_corners, basic_altar, corexii_corridor_pit, uniq_jessica,
          uniq_natasha
D:3:      layout_loops_ring, grunt_temple_overflow_open,
          kennysheep_cross_bottleneck, uniq_crazy_yiuf_cottage
D:4:      layout_basic, minmay_temple_entry_fiery, nzn_random_ring
D:5:      layout_basic
D:6:      wander_river, layout_loops_cross, serial_shops, shop_coins,
          grunt_ministairs_9, kennysheep_generic_room_14
D:7:      layout_loops_ring, minmay_circle_x, uniq_joseph
D:8:      layout_basic, lair_entry_dummy, serial_shops, nicolae_stop_n_shop_1
Temple:   hellmonk_temple_divided_pantheon
Lair:1:   layout_regular_city, gammafunk_ghost_hydra_chop,
          kennysheep_abandoned_house, infiniplex_staircase_pool,
          serial_bayou_shore_a

Skill      XL: |  1  2  3  4  5  6  7  8  9 10 |
---------------+-------------------------------+-----
Axes           | 2 3 4 6 7 8 |  8.7
Shields        | 4 5 6 7 8 9 10 11 | 11.4
Dodging        | 1 2 |  2.5
Fighting       | 4 5 6 |  6.2
Invocations    | 2 4 |  4.7
Armour         | 4 5 |  5.3
Throwing       | 1 |  1.1

Action                   |  1- 3 |  4- 6 |  7- 9 | 10-12 || total
-------------------------+-------+-------+-------+-------++-------
Melee: War axe           |    60 |    61 |   148 |    38 ||   307
       Flail             |       |       |       |     6 ||     6
Throw: Boomerang         |       |    15 |    72 |    21 ||   108
Invok: Heroism           |       |       |     6 |     9 ||    15
  Use: Scroll            |     4 |     7 |     5 |     2 ||    18
       Potion            |     1 |     2 |       |     2 ||     5
 Stab: Distracted        |       |       |     2 |     3 ||     5
Armor: Scale mail        |    25 |    12 |       |       ||    37
       Chain mail        |       |     5 |    29 |       ||    34
       Plate armour      |       |       |    20 |    29 ||    49
Dodge: Dodged            |    14 |     8 |    20 |    29 ||    71
Block: Buckler           |     3 |       |       |       ||     3
       Tower shield      |     6 |    32 |   103 |    60 ||   201

Table legend:
 A = Non-vault XP
 B = Vault XP
 C = Vault XP percentage of total XP
 D = Non-vault monster count
 E = Vault monster count
 F = Vault count percentage of total count
                 A         B        C        D         E       F
            +---------+---------+-------+---------+---------+-------
      Total |    6868 |    1897 |  21.6 |     146 |      35 |  19.3
            +---------+---------+-------+---------+---------+-------
        D:1 |      33 |       7 |  17.5 |      22 |       4 |  15.4
        D:2 |      32 |      70 |  68.6 |      13 |       2 |  13.3
        D:3 |     194 |       0 |   0.0 |      22 |       0 |   0.0
        D:4 |     484 |     362 |  42.8 |      24 |      17 |  41.5
        D:5 |     498 |      11 |   2.2 |       7 |       1 |  12.5
        D:6 |      90 |     246 |  73.2 |       4 |       3 |  42.9
        D:7 |     415 |    1201 |  74.3 |       9 |       8 |  47.1
        D:8 |    1513 |       0 |   0.0 |      30 |       0 |   0.0
     Lair:1 |    3609 |       0 |   0.0 |      15 |       0 |   0.0
            +---------+---------+-------+---------+---------+-------
